Cogmind - Beta 13 @@@ ROGUE MODE // 2024.04.19 @ 21:08:23 Player: Cherman0 Result: Destroyed by Y-72 Warden with Quantum Rifle Performance ------------- Evolutions (8) 4000 Regions Visited (26) 5200 Robots Destroyed (282) 1410 Value Destroyed (11377) 11377 Prototype IDs (49) 980 Alien Tech Used (0) 0 Bonus (8509) 8509 TOTAL SCORE: 31476 Bonus ------- Triggered High Security 500 High Alert Combat Kills 2877 Follower Combat Kills 2902 Entered Garrisons 400 Entered DSFs 1000 Network Hubs Disabled 200 Aligned with FarCom 300 Acquired ECA 300 Built Enhanced Grunts 300 A7 Reached Mainframe 300 Met R17 at Cetus 500 Friendly Fire -1070 Cogmind --------- Core Integrity 0/1450 Matter 103/300 Energy 100/100 System Corruption 0% Temperature Cool (9) Movement Core (50) Location -2/Research Parts ------- > --- POWER (2) -------- (None) > --- PROPULSION (8) --- (None) > --- UTILITY (9) ------ (None) > --- WEAPON (4) ------- Power Sword > --- INVENTORY (5) ---- Energy Well (350) Weight Redist. System Dynamic Insulation System Compact HERF Cannon Makeshift Hammer Peak State ------------ > --- POWER ------------ Light Particle Reactor Light Quantum Reactor > --- PROPULSION ------- Field Propulsion Array Field Propulsion Array Field Propulsion Array Field Propulsion Array > --- UTILITY ---------- Experimental Optical Array Experimental Optical Array Advanced Terrain Scanner Improved Target Analyzer Improved Target Analyzer Improved Target Analyzer Core Analyzer > --- WEAPON ----------- Enhanced Quantum Rifle Enhanced Nova Cannon Light Antimatter Cannon Makeshift Hammer > --- INVENTORY -------- Quantum Reactor Weight Redist. System Encrypted Comm Array Dynamic Insulation System Compact HERF Cannon [Rating: 145] Favorites ----------- Power Neutrino Core Engine Ion Engine Power Core Neutrino Core Reactor Quantum Reactor Propulsion Light Treads Treads Light Treads Leg Carbon-fiber Leg Wheel Armored Huge Wheel Flight Unit Field Propulsion Array Utility High-capacity Storage Unit Device Weapon Cycler Storage High-capacity Storage Unit Processor Core Analyzer Hackware Improved Hacking Suite Protection Medium Armor Plating Weapon Beam Cannon Energy Gun Heavy EM Shotgun Energy Cannon Beam Cannon Ballistic Gun XL Autogun Array Ballistic Cannon Advanced Assault Cannon Launcher Grenade Launcher Special Weapon Improved Plasma Cutter Impact Weapon Makeshift Hammer Slashing Weapon Power Sword Special Melee Weapon Datajack Build | -11 -10 -10 -10 -9 -8 -8 -8 -8 -8 -7 -7 -7 -7 -6 -6 -6 -6 -6 -5 -5 -5 -4 -4 -3 -3 -2 ------- Run | Yrd Mat Min Exi Min Mat Gar Mat Gar Mat Fac Was Fac DSF Fac Ext Cet Arc Hub Fac Upp Upp Fac DSF Res Arm Res Slots Evolved 16 | . . . . . 4 . . . . 2 . . . 2 . . . . 2 . . 2 . 2 . 2 Power 1 | . . . . . . . . . . . . . . . . . . . 1 . . . . . . . Propulsion 6 | . . . . . 2 . . . . . . . . . . . . . . . . 2 . 2 . . Utility 7 | . . . . . 2 . . . . . . . . 2 . . . . 1 . . . . . . 2 Weapon 2 | . . . . . . . . . . 2 . . . . . . . . . . . . . . . . Parts Attached 320 | 2 8 3 . . 32 51 21 6 16 18 3 . 1 22 13 15 3 3 55 6 . . 10 10 18 4 Power 22 | . . 1 . . 4 2 . . . . 1 . . . . 1 . . 3 1 . . 2 . 6 1 Engine 4 | . . . . . . . . . . . . . . . . . . . 2 1 . . 1 . . . Core 8 | . . 1 . . 4 2 . . . . . . . . . . . . . . . . 1 . . . Reactor 10 | . . . . . . . . . . . 1 . . . . 1 . . 1 . . . . . 6 1 Propulsion 43 | . 2 . . . 7 7 1 . 7 1 . . . . . 2 . . 4 4 . . 3 1 4 . Treads 32 | . 2 . . . 7 7 1 . 7 1 . . . . . 2 . . 3 . . . . . 2 . Leg 4 | . . . . . . . . . . . . . . . . . . . . 4 . . . . . . Wheel 1 | . . . . . . . . . . . . . . . . . . . 1 . . . . . . . Hover . | . . . . . . . . . . . . . . . . . . . . . . . . . . . Flight 6 | . . . . . . . . . . . . . . . . . . . . . . . 3 1 2 . Utility 108 | 1 3 . . . 10 4 3 2 3 7 . . 1 14 9 3 3 3 25 1 . . 5 7 2 2 Device 58 | 1 . . . . 2 . . 1 1 6 . . . 11 8 2 1 . 16 1 . . 5 . 2 1 Storage 8 | . 2 . . . . . . . . . . . . . . . 2 1 3 . . . . . . . Processor 14 | . . . . . 2 1 1 . . 1 . . . . . . . . 1 . . . . 7 . 1 Hackware 4 | . . . . . . . 1 . . . . . . 1 1 . . . 1 . . . . . . . Protection 24 | . 1 . . . 6 3 1 1 2 . . . 1 2 . 1 . 2 4 . . . . . . . Artifact . | . . . . . . . . . . . . . . . . . . . . . . . . . . . Weapon 147 | 1 3 2 . . 11 38 17 4 6 10 2 . . 8 4 9 . . 23 . . . . 2 6 1 Energy Gun 29 | . . 1 . . 5 10 5 . 1 1 1 . . . . 2 . . 1 . . . . . 2 . Energy Cannon 11 | . 2 . . . 2 . . . 2 . . . . . . . . . 1 . . . . 1 3 . Ballistic Gun 18 | 1 . . . . . . . . . 6 1 . . 3 2 4 . . 1 . . . . . . . Ballistic Cannon 37 | . . . . . . 13 7 1 . 1 . . . 1 . 2 . . 11 . . . . . 1 . Launcher 22 | . 1 1 . . 2 9 1 3 1 . . . . 2 . . . . 2 . . . . . . . Special Weapon 1 | . . . . . . . . . . . . . . . . . . . 1 . . . . . . . Impact Weapon 26 | . . . . . 2 6 4 . 2 2 . . . 2 1 1 . . 6 . . . . . . . Slashing Weapon 1 | . . . . . . . . . . . . . . . . . . . . . . . . . . 1 Piercing Weapon . | . . . . . . . . . . . . . . . . . . . . . . . . . . . Special Melee Weapon 2 | . . . . . . . . . . . . . . . 1 . . . . . . . . 1 . . Unidentified Prototypes 15 | . . . . . 1 . 1 . 1 1 1 . . . . 5 1 . 1 . . . . 1 2 . Corrupted Parts 9 | . . . . . 1 . . . . . . . . . . 1 . . 2 5 . . . . . . System Corruption 50 | . . . . . 2 . . . . . . . . . . 6 . . 5 37 . . . . . . Parts Lost 43 | . . 1 . . 5 2 . 3 1 . . . . . . . . 1 18 4 . . 2 . . 6 Power 6 | . . . . . 1 . . . . . . . . . . . . . 3 . . . 1 . . 1 Propulsion 13 | . . . . . 2 1 . 1 . . . . . . . . . . 3 3 . . . . . 3 Utility 13 | . . . . . 1 1 . . 1 . . . . . . . . . 7 1 . . 1 . . 1 Weapon 11 | . . 1 . . 1 . . 2 . . . . . . . . . 1 5 . . . . . . 1 Highest Loss Streak 6 | . . 1 . . 3 1 . 2 1 . . . . . . . . 1 4 3 . . 2 . . 6 To Critical Strikes 3 | . . . . . . . . . . . . . . . . . . . 3 . . . . . . . Average Slot Usage (%) 79 | . 99 100 100 100 93 92 81 78 85 65 61 61 61 59 59 65 79 83 72 23 17 15 34 49 72 35 Engine 1 | . 14 . . . . . . . . . . . . . . . . . . 1 . . 2 . . . Core 5 | . . 13 14 14 9 9 9 9 9 7 . . . . . . . . . . . . . . . . Reactor 1 | . . . . . . . . . . . 6 7 7 6 6 6 6 6 4 . . . . . 8 1 Treads 20 | . 24 28 28 28 30 32 27 27 30 19 15 15 15 13 13 13 13 13 9 . . . . . . . Device 5 | . 5 . . . 3 5 . 3 9 7 7 7 7 8 10 12 12 13 11 . . . 10 1 3 1 Storage 8 | . 14 14 14 14 9 9 9 9 9 7 7 7 7 6 6 6 6 6 5 . . . . . . . Processor 4 | . . . . . 8 . 6 . . 6 7 7 7 6 6 6 6 6 4 . . . . 23 28 17 Protection 10 | . 8 14 14 14 15 18 9 14 10 7 7 7 7 5 6 6 6 9 11 . . . . . . . Energy Gun 3 | . . 2 . . 11 10 5 3 3 . . . . . . 3 13 13 4 . . . . . . 2 Energy Cannon 3 | . 13 14 14 14 2 . . . 4 . . . . . . . . . . . . . . . 4 . Ballistic Gun 2 | . 2 . . . . . . . . 6 7 7 7 5 5 5 13 13 5 . . . . . . . Ballistic Cannon 1 | . . . . . . 4 7 4 . . . . . . . 2 . . 5 . . . . . . . Launcher 3 | . 12 11 14 14 3 1 . 5 1 . . . . . . . . . . . . . . . . . Impact Weapon 1 | . . . . . . 1 5 1 7 . . . . . . . . . 2 5 5 5 5 4 4 2 Naked Turns 52 | . . . . . . . . . . . . . . . . . . . 14 . . . . . . 38 Heaviest Build 155 | 15 58 58 58 58 73 91 91 93 85 84 79 79 92 112 109 123 119 138 155 12 3 3 20 13 59 24 Greatest Support 160 | 20 40 40 40 40 80 130 130 130 130 140 140 140 140 140 140 160 160 160 160 30 3 3 45 60 75 60 Greatest Overweight (x) 5 | . 1 1 1 1 1 1 . 2 2 1 . . . . . . . . 2 3 . . . 4 5 1 Average Overweight (x) . | . . 1 1 1 . . . . . . . . . . . . . . . . . . . . . . Largest Inventory Capacity 25 | 8 20 20 20 20 20 20 20 20 20 20 20 20 20 20 20 20 20 25 25 5 5 5 5 5 5 5 Average Capacity 19 | 8 18 20 20 20 20 20 20 20 20 20 20 20 20 20 20 20 20 22 24 5 5 5 5 5 5 5 Most Carried 21 | 7 20 20 20 20 20 20 20 20 20 20 20 20 20 20 20 20 20 20 21 5 5 5 5 5 5 5 Average Carried 17 | 6 15 19 19 19 19 19 19 18 18 19 19 20 19 19 19 19 19 19 15 2 5 5 3 4 4 4 Final Capacity 25 | 8 20 20 20 20 20 20 20 20 20 20 20 20 20 20 20 20 20 25 5 5 5 5 5 5 5 5 Final Carried 20 | 7 20 20 20 20 20 20 20 18 19 19 20 20 20 20 20 20 20 20 1 5 5 5 4 5 5 5 Class Distribution -------------------- 54% | Mutant 11% | Gunner 11% | Skirmisher 5% | Scavenger-Mutant 5% | Scavenger-Tank 4% | Scavenger-Gunner Dominant Class ---------------- Mutant | -10/Materials Mutant | -10/Mines Mutant | -10/Exiles Mutant | -9/Mines Mutant | -8/Materials Mutant | -8/Garrison Mutant | -8/Materials Mutant | -8/Garrison Mutant | -8/Materials Gunner | -7/Factory Gunner | -7/Waste Gunner | -7/Factory Gunner | -7/DSF Skirmisher | -6/Factory Skirmisher | -6/Extension Scavenger-Gunner | -6/Cetus Scavenger-Gunner | -6/Archives Scavenger-Tank | -6/Hub_04(d) Scavenger-Tank | -5/Factory Mutant | -5/Upper Caves Mutant | -5/Upper Caves Mutant | -4/Factory Mutant | -4/DSF Mutant | -3/Research Scout | -3/Armory Scout | -2/Research Resources | -11 -10 -10 -10 -9 -8 -8 -8 -8 -8 -7 -7 -7 -7 -6 -6 -6 -6 -6 -5 -5 -5 -4 -4 -3 -3 -2 ----------- Run | Yrd Mat Min Exi Min Mat Gar Mat Gar Mat Fac Was Fac DSF Fac Ext Cet Arc Hub Fac Upp Upp Fac DSF Res Arm Res Matter Collected 11032 | 250 281 97 . . 555 814 912 102 688 1296 209 20 10 616 1556 511 98 304 2277 253 . . 48 . 38 97 Remotely 2233 | . . . . . . . . . . 158 . . . . 989 . . . 1086 . . . . . . . Salvage Created 11676 | 119 248 178 . 3 873 743 907 144 1233 1445 . . . 816 1926 353 76 814 1459 215 . . 86 . 38 . Parts 544 | 7 22 11 . 3 47 58 58 6 41 86 . . . 32 83 12 3 31 41 3 . . . . . . Haulers Intercepted 12 | . 1 . . . 3 . 4 . 3 1 . . . . . . . . . . . . . . . . Recyclers Shooed 7 | . 1 . . . . . . . . . . . . 4 2 . . . . . . . . . . . Parts Field Recycled . | . . . . . . . . . . . . . . . . . . . . . . . . . . . Retrieved Matter . | . . . . . . . . . . . . . . . . . . . . . . . . . . . Parts Self-Destructed 3 | . . . . . . . . . . . . . . . . . . . . 3 . . . . . . Prevented 8 | . . . . . . . . . . . . . . . . . . . . 8 . . . . . . Kills | -11 -10 -10 -10 -9 -8 -8 -8 -8 -8 -7 -7 -7 -7 -6 -6 -6 -6 -6 -5 -5 -5 -4 -4 -3 -3 -2 ------- Run | Yrd Mat Min Exi Min Mat Gar Mat Gar Mat Fac Was Fac DSF Fac Ext Cet Arc Hub Fac Upp Upp Fac DSF Res Arm Res Combat Hostiles Destroyed 214 | . 8 6 . . 18 25 17 6 21 23 . . . 14 27 5 1 9 30 4 . . . . . . Melee 13 | . . . . . . . . . 10 . . . . . . . . . 2 1 . . . . . . Guns 108 | . 4 1 . . 7 9 8 . 2 23 . . . 10 27 4 1 7 5 . . . . . . . Cannons 41 | . 2 2 . . 2 5 6 2 4 . . . . . . 1 . . 17 . . . . . . . AOE 38 | . 2 3 . . 8 10 2 4 1 . . . . 4 . . . 2 2 . . . . . . . Classes Destroyed 19 | 2 6 1 . . 2 5 1 1 . . . . . . . . . . 1 . . . . . . . Worker 14 | . 1 . . 1 2 . 3 . 2 2 . . . 1 . . . 2 . . . . . . . . Builder 10 | . . . . . 1 . 1 . 1 4 . . . . 1 . . . 2 . . . . . . . Tunneler 5 | 2 . 1 . 1 . . . . . . . . . . 1 . . . . . . . . . . . Hauler 12 | . 1 . . . 3 . 4 . 3 1 . . . . . . . . . . . . . . . . Recycler 8 | 1 . 1 . . 1 . 1 . 1 . . . . 1 2 . . . . . . . . . . . Mechanic 1 | . . . . . . . . . . . . . . . . . . . 1 . . . . . . . Operator 5 | . 1 . . . . . . . . 2 . . . . 1 . . 1 . . . . . . . . Watcher 10 | . 1 . . . 1 . 1 . . 1 . . . 1 1 1 . 2 . . . . . . 1 . Swarmer 31 | . 6 . . . 3 10 5 . 2 . . . . 1 4 . . . . . . . . . . . Grunt 98 | . 2 4 . . 13 2 8 . 13 16 . . . 9 11 1 . 5 11 3 . . . . . . Brawler 12 | . . . . . . 2 . 1 . . . . . 1 2 . . 1 5 . . . . . . . Duelist 15 | . . . . . . 1 . 1 1 1 . . . 1 2 . . 1 6 1 . . . . . . Protector 1 | . . . . . . 1 . . . . . . . . . . . . . . . . . . . . Sentry 29 | . . . . . 3 6 3 . 5 2 . . . 1 5 . 1 1 2 . . . . . . . Demolisher 3 | . . 2 . . . 1 . . . . . . . . . . . . . . . . . . . . Specialist 3 | . . . . . . . . 3 . . . . . . . . . . . . . . . . . . Hunter 6 | . . . . . . . 1 1 . 1 . . . . 1 1 . . 1 . . . . . . . Programmer 11 | . . . . . . 1 . . . 3 . . . 1 . . . 1 5 . . . . . . . Behemoth 3 | . . . . . . 1 . . . . . . . . 2 . . . . . . . . . . . Cetus Guard 3 | . . . . . . . . . . . . . . . . 3 . . . . . . . . . . Enhanced Grunt 2 | . . . . . . . . . . . . . . . . . . 2 . . . . . . . . Best Kill Streak 11 | 2 4 3 . 1 11 4 4 3 4 4 . . . 4 6 4 1 9 4 4 . . . . 1 . Combat Bots Only 9 | . 3 2 . . 9 4 3 3 4 3 . . . 4 5 3 1 7 3 4 . . . . . . Max Kills in Single Turn 3 | 1 2 2 . 1 3 2 3 1 2 2 . . . 2 2 1 1 3 2 1 . . . . 1 . Gunslinging . | . . . . . . . . . . . . . . . . . . . . . . . . . . . Exploded 2 | . 2 1 . . 2 2 1 1 1 . . . . 2 . . . 2 1 . . . . . . . Melee 1 | . . . . . . . . . 1 . . . . . . . . . 1 1 . . . . . . Uniques/NPCs Destroyed 1 | . . . . . . . . . . . . . . . . 1 . . . . . . . . . . Revision 17 (-6/Cetus) Combat | -11 -10 -10 -10 -9 -8 -8 -8 -8 -8 -7 -7 -7 -7 -6 -6 -6 -6 -6 -5 -5 -5 -4 -4 -3 -3 -2 -------- Run | Yrd Mat Min Exi Min Mat Gar Mat Gar Mat Fac Was Fac DSF Fac Ext Cet Arc Hub Fac Upp Upp Fac DSF Res Arm Res Hostile Shots Fired 1223 | . 21 19 . . 83 109 49 44 62 45 . . . 23 48 34 8 82 317 28 . . 60 8 46 137 Missed 369 | . 5 3 . . 18 25 7 6 9 16 . . . 5 23 11 . 24 73 13 . . 44 4 24 59 Damage Taken 16441 | . 142 401 . . 949 1366 566 795 783 359 . . . 350 456 385 214 1107 5372 443 . . 316 75 402 1960 Core 3026 | . 17 42 . . 151 175 56 73 35 54 . . . 24 28 . . 38 462 133 . . 172 37 61 1468 Absorbed by Shields 309 | . . . . . . . . . . . . . . . 152 157 . . . . . . . . . . Reduced by Siege Mode 5 | . . . . . . . . . . . . . . . 5 . . . . . . . . . . . Ignored by Resistances 719 | . . . . . 3 105 . . . . . . . 30 136 159 72 39 175 . . . . . . . Regen/Repaired (Parts) 1032 | . . . . . 352 . . . 312 . . . . 201 . . . . 167 . . . . . . . Core Remaining (%) 73 | 100 . . . 76 . . . . 10 . . . 92 . . . . 89 . . 40 . 85 . 92 . Volleys Fired 688 | 5 36 14 . . 65 70 58 25 43 77 . . . 32 64 26 8 38 127 . . . . . . . Largest 4 | 2 2 2 . . 2 2 2 2 1 1 . . . 2 1 3 2 4 4 . . . . . . . Hottest 244 | 40 80 116 . . 100 100 98 98 69 60 . . . 78 60 163 70 230 244 . . . . . . . Shots Fired 960 | 10 46 21 . . 79 114 70 32 42 77 . . . 35 64 34 16 84 236 . . . . . . . Gun 569 | 10 22 4 . . 36 55 40 7 23 77 . . . 26 64 26 16 84 79 . . . . . . . Cannon 320 | . 20 9 . . 25 47 29 9 18 . . . . 2 . 8 . . 153 . . . . . . . Launcher 71 | . 4 8 . . 18 12 1 16 1 . . . . 7 . . . . 4 . . . . . . . Special . | . . . . . . . . . . . . . . . . . . . . . . . . . . . Kinetic 632 | 10 22 . . . . 47 29 9 . 77 . . . 28 64 33 16 76 221 . . . . . . . Thermal 119 | . 20 13 . . 34 . . . 32 . . . . . . 1 . 8 11 . . . . . . . Explosive 71 | . 4 8 . . 18 12 1 16 1 . . . . 7 . . . . 4 . . . . . . . Electromagnetic 138 | . . . . . 27 55 40 7 9 . . . . . . . . . . . . . . . . . Robot Hit Streak 26 | 8 5 6 . . 8 17 16 7 6 15 . . . 12 26 13 3 9 10 . . . . . . . Robot Miss Streak 11 | . 4 1 . . 4 11 5 5 5 7 . . . 4 9 3 2 3 4 . . . . . . . Penetration Max 1 | . . . . . . . . . . . . . . . . 1 . 1 1 . . . . . . . Secondary Targets 2 | . . . . . . 1 . . . . . . . . . . . 1 . . . . . . . . Max Gunslinging Chain 1 | . . . . . . 1 . . . . . . . . . . . 1 . . . . . . . . Shots Hit Robots 685 | 8 22 13 . . 46 59 54 16 52 69 . . . 26 58 26 9 50 165 9 . . . . 2 1 Core Hits 484 | 4 14 14 . . 50 39 40 14 23 59 . . . 41 65 22 3 28 67 1 . . . . . . Critical Kills 19 | . . . . . 1 . . . 1 . . . . . . . 1 3 12 1 . . . . . . Critical Parts Destroyed 48 | . . . . . . . 1 . 5 . . . . . . 2 1 10 27 2 . . . . . . Critical Strikes 85 | . . . . . 2 . 4 . 10 . . . . . . 2 2 14 48 3 . . . . . . Burn 4 | . . . . . 1 . . . 3 . . . . . . . . . . . . . . . . . Meltdown 1 | . . . . . 1 . . . . . . . . . . . . . . . . . . . . . Destroy 59 | . . . . . . . . . . . . . . . . 2 2 14 41 . . . . . . . Blast 4 | . . . . . . . 3 . . . . . . . . . . . 1 . . . . . . . Smash 17 | . . . . . . . 1 . 7 . . . . . . . . . 6 3 . . . . . . Melee Attacks 185 | . . . . . 3 17 15 2 39 2 . . . 2 4 10 . . 49 13 . . 8 . 20 1 Impact 185 | . . . . . 3 17 15 2 39 2 . . . 2 4 10 . . 49 13 . . 8 . 20 1 Slashing . | . . . . . . . . . . . . . . . . . . . . . . . . . . . Piercing . | . . . . . . . . . . . . . . . . . . . . . . . . . . . Sneak Attacks 5 | . . . . . . . 1 . 4 . . . . . . . . . . . . . . . . . Combat Hostiles . | . . . . . . . . . . . . . . . . . . . . . . . . . . . Follow-up Attacks . | . . . . . . . . . . . . . . . . . . . . . . . . . . . Damage Inflicted 28533 | 96 470 555 . 21 1711 2024 1778 1089 1978 3720 . . . 2143 3255 1335 192 2321 5298 401 . . . . 127 19 Guns 15404 | 96 160 44 . . 407 563 699 77 244 3712 . . . 1412 3251 1187 192 1902 1458 . . . . . . . Cannons 4439 | . 158 142 . . 280 438 531 141 326 . . . . . . 142 . . 2281 . . . . . . . Explosions 5508 | . 129 340 . . 964 1023 315 871 123 . . . . 694 . . . 410 639 . . . . . . . Melee 2854 | . . . . . . . 173 . 1246 . . . . . . . . . 888 401 . . . . 127 19 Ramming 328 | . 23 29 . 21 60 . 60 . 39 8 . . . 37 4 6 . 9 32 . . . . . . . Kinetic 16446 | 96 160 . . . . 438 531 141 . 3712 . . . 1412 3251 1329 192 1734 3450 . . . . . . . Thermal 2124 | . 158 186 . . 478 304 158 . 383 . . . . . . . . 168 289 . . . . . . . Explosive 4539 | . 129 340 . . 867 719 157 871 123 . . . . 694 . . . . 639 . . . . . . . Electromagnetic 2242 | . . . . . 306 563 699 77 187 . . . . . . . . 410 . . . . . . . . Impact 2854 | . . . . . . . 173 . 1246 . . . . . . . . . 888 401 . . . . 127 19 Slashing . | . . . . . . . . . . . . . . . . . . . . . . . . . . . Piercing . | . . . . . . . . . . . . . . . . . . . . . . . . . . . Highest Corruption 67 | . . . . . 4 4 7 7 9 . . . . 1 4 7 7 10 30 67 67 . . . 1 . Average Corruption 8 | . . . . . 3 4 5 7 7 . . . . 1 1 6 7 7 12 56 67 . . . 1 . Corruption Purged 4 | . . . . . . . . . . . . . . . 4 . . . . . . . . . . . Corruption Blocked 15 | . . . . . . 15 . . . . . . . . . . . . . . . . . . . . Effects 337 | . . . . . 24 45 52 11 59 . . . . 8 7 18 6 29 37 40 1 . . . . . Message Errors 83 | . . . . . 8 12 18 2 14 . . . . 3 2 2 1 6 9 6 . . . . . . Matter Fused 82 | . . . . . 7 13 12 3 15 . . . . 1 1 5 2 5 7 11 . . . . . . Heat Flow Errors 37 | . . . . . 1 2 6 2 6 . . . . 1 . 4 2 6 1 6 . . . . . . Energy Discharges 43 | . . . . . 3 6 7 . 10 . . . . 1 2 2 1 2 3 6 . . . . . . Parts Rejected 2 | . . . . . . . . . . . . . . . . . . . 2 . . . . . . . Parts Fused 3 | . . . . . 1 . . . . . . . . . . . . . 1 1 . . . . . . Data Loss (minor) 38 | . . . . . 2 6 5 1 6 . . . . 2 1 2 . 5 4 3 1 . . . . . Data Loss (major) 12 | . . . . . 1 1 1 . 2 . . . . . 1 1 . 1 2 2 . . . . . . Misfires 11 | . . . . . 1 4 1 . 1 . . . . . . . . 3 1 . . . . . . . Alerts 13 | . . . . . . 1 1 3 3 . . . . . . 2 . . 2 1 . . . . . . Misdirections 5 | . . . . . . . . . . . . . . . . . . . 1 4 . . . . . . Weapon Failures 8 | . . . . . . . 1 . 2 . . . . . . . . 1 4 . . . . . . . Overload Shots 3 | . . . . . . . . . . . . . . . . . . . 3 . . . . . . . Overflow Damage 1218 | . 2 36 . . 6 9 138 10 483 . . . . . . . . . 404 94 . . . . 36 . Projectiles 42 | . . . . . . . 21 . 4 . . . . . . . . . 17 . . . . . . . Explosions 96 | . 2 36 . . 6 9 . 10 . . . . . . . . . . 33 . . . . . . . Melee 1080 | . . . . . . . 117 . 479 . . . . . . . . . 354 94 . . . . 36 . Knockbacks 52 | . 1 . . . . 1 3 . 3 . . . . 1 . . . . 41 1 . . . . 1 . Impact 9 | . 1 . . . . . . . 3 . . . . 1 . . . . 2 1 . . . . 1 . Kinetic 39 | . . . . . . 1 3 . . . . . . . . . . . 35 . . . . . . . Secondary 4 | . . . . . . . . . . . . . . . . . . . 4 . . . . . . . Self-Inflicted Damage 452 | . . 25 . . 72 93 46 40 . . . . . 32 . . . 94 50 . . . . . . . Shots 13 | . . 1 . . 3 4 1 1 . . . . . 1 . . . 1 1 . . . . . . . Rammed 39 | . 2 7 . 2 5 . 6 . 4 1 . . . 6 1 1 . 1 3 . . . . . . . Targets Rammed 49 | . 5 7 . 4 6 . 7 . 5 2 . . . 6 1 1 . 2 3 . . . . . . . Kicked 2 | . 2 . . . . . . . . . . . . . . . . . . . . . . . . . Crushed 8 | . 1 . . 2 1 . 1 . 1 1 . . . . . . . 1 . . . . . . . . Highest Temperature 538 | . 78 258 . . 350 374 440 345 277 330 . . . 297 357 373 197 261 538 515 . . . . 21 . Average Temperature 104 | . 26 94 . . 112 79 98 134 75 96 . . . 92 81 122 86 86 149 161 . . . . 5 . Received Heat Transfer 3090 | . . 84 . . 369 87 234 135 279 99 . . . 135 66 63 9 189 1092 81 . . . 42 45 81 Effects 39 | . . . . . 7 . 4 4 . . . . . 1 1 4 . 2 16 . . . . . . . Shutdowns 9 | . . . . . 2 . 1 . . . . . . . 1 1 . . 4 . . . . . . . Energy Bleed 3 | . . . . . 1 . . . . . . . . . . . . . 2 . . . . . . . Interference 17 | . . . . . 3 . 1 2 . . . . . 1 . 3 . 2 5 . . . . . . . Matter Decay 4 | . . . . . 1 . 1 . . . . . . . . . . . 2 . . . . . . . Short Circuit 5 | . . . . . . . 1 2 . . . . . . . . . . 2 . . . . . . . Damage (minor) 1 | . . . . . . . . . . . . . . . . . . . 1 . . . . . . . Siege Activations 2 | . . . . . . . . . . 1 . . . . 1 . . . . . . . . . . . Total Turns 14 | . . . . . . . . . . 8 . . . . 6 . . . . . . . . . . . Longest Duration 8 | . . . . . . . . . . 8 . . . . 6 . . . . . . . . . . . Robots Corrupted 3 | . . . . . . 1 1 . 1 . . . . . . . . . . . . . . . . . Combat Hostiles 3 | . . . . . . 1 1 . 1 . . . . . . . . . . . . . . . . . Parts Fried 31 | . . . . . . 2 3 . 15 . . . . . 2 . . 4 1 1 . . . . 3 . Impact Corruptions 42 | . . . . . . . 3 . 16 . . . . . . . . . 16 4 . . . . 3 . Robots Melted 1 | . . . . . 1 . . . . . . . . . . . . . . . . . . . . . Combat Hostiles 1 | . . . . . 1 . . . . . . . . . . . . . . . . . . . . . Parts Melted 6 | . . . . . 3 1 . . 2 . . . . . . . . . . . . . . . . . Heat Transferred 3534 | . 333 407 . . 1025 200 100 . 925 . . . . . . . . 222 322 . . . . . . . Parts Sabotaged 4 | . . . . . . . . . . . . . . . . . . . 2 . . . . . 2 . Parts Stolen . | . . . . . . . . . . . . . . . . . . . . . . . . . . . Parts Stripped . | . . . . . . . . . . . . . . . . . . . . . . . . . . . Power Chain Reactions 8 | . . . . . . 5 3 . . . . . . . . . . . . . . . . . . . Alert | -11 -10 -10 -10 -9 -8 -8 -8 -8 -8 -7 -7 -7 -7 -6 -6 -6 -6 -6 -5 -5 -5 -4 -4 -3 -3 -2 ------- Run | Yrd Mat Min Exi Min Mat Gar Mat Gar Mat Fac Was Fac DSF Fac Ext Cet Arc Hub Fac Upp Upp Fac DSF Res Arm Res Peak Influence 2118 | 15 221 119 . 81 440 1093 747 690 603 553 193 164 355 472 977 966 626 2118 1573 . . 520 379 281 758 607 Initial 1100 | . 9 . . . . 121 532 488 331 244 193 135 114 186 231 484 386 219 1100 . . 520 364 201 147 397 Average 409 | 9 56 32 . 3 173 659 471 597 371 377 193 157 308 240 529 627 601 948 1195 . . 520 370 234 349 449 Maximum Alert Level 5 | . 1 . . . 2 3 3 2 2 2 . . 1 2 3 3 2 5 4 . . 2 1 1 3 2 Low Security (%) 33 | 100 94 100 . 100 70 11 . . 4 . 100 100 9 39 3 . . . . . . . . . 12 . Level 1 25 | . 5 . . . 25 18 34 . 63 48 . . 90 58 36 1 3 12 . . . . 100 100 60 32 Level 2 24 | . . . . . 4 15 63 100 31 51 . . . 2 22 80 96 35 . . . 100 . . 25 67 Level 3 9 | . . . . . . 54 2 . . . . . . . 36 17 . 12 24 . . . . . 1 . Level 4 6 | . . . . . . . . . . . . . . . . . . 22 75 . . . . . . . Level 5 . | . . . . . . . . . . . . . . . . . . 10 . . . . . . . . High Security . | . . . . . . . . . . . . . . . . . . 5 . . . . . . . . Max Security . | . . . . . . . . . . . . . . . . . . . . . . . . . . . Squads Dispatched 72 | . 1 . . . 6 . 5 . 3 10 . . 2 5 5 2 . 12 11 . . . 1 2 6 1 Investigation 19 | . . . . . 3 . 1 . 1 5 . . . . 3 2 . 2 . . . . . 1 1 . Extermination 11 | . . . . . . . . . . 3 . . . 2 . . . 1 3 . . . . 1 1 . Reinforcement 23 | . 1 . . . . . 2 . 2 2 . . 2 1 1 . . 4 2 . . . 1 . 4 1 Assault 9 | . . . . . . . . . . . . . . . 1 . . 2 6 . . . . . . . Garrison 10 | . . . . . 3 . 2 . . . . . . 2 . . . 3 . . . . . . . . Intercept . | . . . . . . . . . . . . . . . . . . . . . . . . . . . Searches Triggered . | . . . . . . . . . . . . . . . . . . . . . . . . . . . Construction Impeded 4 | . . . . . . . . . 1 . . . . . . . . 1 2 . . . . . . . Haulers Reinforced 1 | . . . . . . . . . . . . . . . . . . 1 . . . . . . . . Active Scanning Responses . | . . . . . . . . . . . . . . . . . . . . . . . . . . . Cargo Convoy Interrupts 1 | . . . . . . . . . . . . . . 1 . . . . . . . . . . . . Stealth | -11 -10 -10 -10 -9 -8 -8 -8 -8 -8 -7 -7 -7 -7 -6 -6 -6 -6 -6 -5 -5 -5 -4 -4 -3 -3 -2 --------- Run | Yrd Mat Min Exi Min Mat Gar Mat Gar Mat Fac Was Fac DSF Fac Ext Cet Arc Hub Fac Upp Upp Fac DSF Res Arm Res Distress Signals 12 | . 1 . . . 1 . 1 . 3 . . . . . 1 2 . 1 1 . . . . . 1 . Communications Jammed 25 | . . . . . . . . . . . . . . . . . . . 25 . . . . . . . Distress Signals 25 | . . . . . . . . . . . . . . . . . . . 25 . . . . . . . Times Spotted 463 | . 17 8 . . 27 27 26 7 32 29 . . 4 19 36 22 4 48 66 16 . . 5 6 41 23 Peak Tracking Total 22 | . 4 6 . . 7 5 5 3 5 3 . . 2 5 7 5 2 7 9 9 . . 5 7 22 10 Tactical Retreats 45 | . 1 . . . 2 5 2 . . . . . . 1 . . . 3 10 7 . . . . 9 5 Traps | -11 -10 -10 -10 -9 -8 -8 -8 -8 -8 -7 -7 -7 -7 -6 -6 -6 -6 -6 -5 -5 -5 -4 -4 -3 -3 -2 ------- Run | Yrd Mat Min Exi Min Mat Gar Mat Gar Mat Fac Was Fac DSF Fac Ext Cet Arc Hub Fac Upp Upp Fac DSF Res Arm Res Traps Triggered 18 | . . . . . 2 3 1 . 2 1 . . 1 . 3 . . 1 . 2 . . . 1 1 . Indirectly . | . . . . . . . . . . . . . . . . . . . . . . . . . . . Trap Hack Attempts . | . . . . . . . . . . . . . . . . . . . . . . . . . . . Triggered . | . . . . . . . . . . . . . . . . . . . . . . . . . . . Disarmed . | . . . . . . . . . . . . . . . . . . . . . . . . . . . Reprogrammed . | . . . . . . . . . . . . . . . . . . . . . . . . . . . Reused 1 | . . . . . . . . . . . . . . . . . . . . 1 . . . . . . Traps Extracted . | . . . . . . . . . . . . . . . . . . . . . . . . . . . Installed 1 | . . . . . . . . . . . . . . . . . . . . 1 . . . . . . Triggered 5 | . . . . . . . . . . . . . . 2 . . . . . 3 . . . . . . Most Traps Carried 1 | . . . . . . . . . . . . . . . . . . . . 1 . . . . . . Machines | -11 -10 -10 -10 -9 -8 -8 -8 -8 -8 -7 -7 -7 -7 -6 -6 -6 -6 -6 -5 -5 -5 -4 -4 -3 -3 -2 ---------- Run | Yrd Mat Min Exi Min Mat Gar Mat Gar Mat Fac Was Fac DSF Fac Ext Cet Arc Hub Fac Upp Upp Fac DSF Res Arm Res Machines Disabled 70 | . . . . . 3 7 3 . . 4 . . 1 7 6 4 4 20 4 . . . 1 . 6 . Max in Single Turn 7 | . . . . . 1 1 1 . . 1 . . . 4 2 1 1 7 2 . . . 1 . 1 . Garrison Relay 1 | . . . . . . 1 . . . . . . . . . . . . . . . . . . . . Network Hub 1 | . . . . . . . . . . . . . . . . . . 1 . . . . . . . . Machines Repaired . | . . . . . . . . . . . . . . . . . . . . . . . . . . . Machines Dismantled . | . . . . . . . . . . . . . . . . . . . . . . . . . . . Machines Sabotaged . | . . . . . . . . . . . . . . . . . . . . . . . . . . . Overloaded Fab Kills . | . . . . . . . . . . . . . . . . . . . . . . . . . . . Hacking | -11 -10 -10 -10 -9 -8 -8 -8 -8 -8 -7 -7 -7 -7 -6 -6 -6 -6 -6 -5 -5 -5 -4 -4 -3 -3 -2 --------- Run | Yrd Mat Min Exi Min Mat Gar Mat Gar Mat Fac Was Fac DSF Fac Ext Cet Arc Hub Fac Upp Upp Fac DSF Res Arm Res Machines Accessed 85 | . 6 . 2 . 8 2 9 . 11 9 . 1 . 5 14 3 1 5 3 . . 1 . 4 1 . Terminals 64 | . 6 . . . 6 2 6 . 8 4 . 1 . 3 14 3 . 4 1 . . 1 . 4 1 . Fabricators 2 | . . . . . . . . . . 1 . . . . . . . . 1 . . . . . . . Repair Stations 9 | . . . . . 1 . 1 . 2 2 . . . 2 . . . . 1 . . . . . . . Recycling Units 2 | . . . . . . . . . 1 1 . . . . . . . . . . . . . . . . Scanalyzers 1 | . . . . . . . 1 . . . . . . . . . . . . . . . . . . . Garrison Access 4 | . . . . . 1 . 1 . . 1 . . . . . . . 1 . . . . . . . . Total Hacks 215 | . 11 . 2 . 18 2 27 . 34 24 . 2 . 8 24 9 25 6 8 . . 2 . 9 4 . Successful 110 | . 4 . 2 . 11 2 17 . 13 8 . 1 . 4 12 1 25 . 5 . . 1 . 2 2 . Failed 105 | . 7 . . . 7 . 10 . 21 16 . 1 . 4 12 8 . 6 3 . . 1 . 7 2 . Catastrophic 30 | . 3 . . . 1 . 3 . 3 4 . . . 2 5 4 . 2 . . . . . 3 . . Database Lockouts . | . . . . . . . . . . . . . . . . . . . . . . . . . . . Manual 53 | . 4 . 1 . 5 . 5 . 11 10 . . . 3 7 1 . 3 2 . . . . 1 . . Terminals 132 | . 11 . . . 11 2 16 . 20 10 . 2 . 4 24 9 . 5 3 . . 2 . 9 4 . Fabricators 3 | . . . . . . . . . . 2 . . . . . . . . 1 . . . . . . . Repair Stations 36 | . . . . . 6 . 3 . 11 8 . . . 4 . . . . 4 . . . . . . . Recycling Units 5 | . . . . . . . . . 3 2 . . . . . . . . . . . . . . . . Scanalyzers 7 | . . . . . . . 7 . . . . . . . . . . . . . . . . . . . Garrison Access 5 | . . . . . 1 . 1 . . 2 . . . . . . . 1 . . . . . . . . Terminal Hacks 79 | . 4 . 2 . 4 2 10 . 7 2 . 1 . 2 12 1 25 . 2 . . 1 . 2 2 . Record 34 | . . . 1 . . . . . . 1 . . . . 5 1 25 . . . . . . 1 . . Robot Analysis 1 | . 1 . . . . . . . . . . . . . . . . . . . . . . . . . Prototype ID Bank 6 | . 2 . . . 3 . . . 1 . . . . . . . . . . . . . . . . . Open Door 6 | . . . . . . . . . . . . . . . 6 . . . . . . . . . . . Open DSF 2 | . . . . . . . . . . . . 1 . . . . . . . . . 1 . . . . Level Access Points 1 | . . . . . . . . . . . . . . . . . . . . . . . . . 1 . Branch Access Points 4 | . . . . . . . 1 . 1 . . . . 1 . . . . 1 . . . . . . . Emergency Access Points 3 | . . . . . . 1 . . . . . . . . . . . . 1 . . . . 1 . . Terminal Index 6 | . . . . . 1 . 1 . 1 1 . . . 1 1 . . . . . . . . . . . Repair Station Index 1 | . . . . . . . 1 . . . . . . . . . . . . . . . . . . . Alert Level 2 | . . . . . . . 2 . . . . . . . . . . . . . . . . . . . Locate Traps 5 | . 1 . . . . . 2 . 2 . . . . . . . . . . . . . . . . . Dispatch Records 1 | . . . . . . . . . 1 . . . . . . . . . . . . . . . . . Surveillance Status 1 | . . . . . . . . . 1 . . . . . . . . . . . . . . . . . Assault Status 1 | . . . . . . . 1 . . . . . . . . . . . . . . . . . . . Registered Components 1 | . . . . . . . 1 . . . . . . . . . . . . . . . . . . . Zone Layout 2 | . . . . . . . 1 . . . . . . . . . . . . . . . . . 1 . Patrol Navigation 1 | . . . . . . 1 . . . . . . . . . . . . . . . . . . . . Derelict Proto ID Bank 1 | . . . 1 . . . . . . . . . . . . . . . . . . . . . . . Fabricator Hacks 3 | . . . . . . . . . . 2 . . . . . . . . 1 . . . . . . . Network Status 1 | . . . . . . . . . . . . . . . . . . . 1 . . . . . . . Load Schematic 1 | . . . . . . . . . . 1 . . . . . . . . . . . . . . . . Build 1 | . . . . . . . . . . 1 . . . . . . . . . . . . . . . . Repair Station Hacks 16 | . . . . . 6 . 1 . 3 2 . . . 2 . . . . 2 . . . . . . . Scan Component 10 | . . . . . 3 . 1 . 2 2 . . . 1 . . . . 1 . . . . . . . Repair 6 | . . . . . 3 . . . 1 . . . . 1 . . . . 1 . . . . . . . Recycling Unit Hacks . | . . . . . . . . . . . . . . . . . . . . . . . . . . . Scanalyzer 5 | . . . . . . . 5 . . . . . . . . . . . . . . . . . . . Insert Component 3 | . . . . . . . 3 . . . . . . . . . . . . . . . . . . . Analyze 2 | . . . . . . . 2 . . . . . . . . . . . . . . . . . . . Garrison Access Hacks 2 | . . . . . 1 . 1 . . . . . . . . . . . . . . . . . . . Unlock Access 2 | . . . . . 1 . 1 . . . . . . . . . . . . . . . . . . . Unauthorized Hacks 5 | . . . . . . . . . 3 2 . . . . . . . . . . . . . . . . Terminals 1 | . . . . . . . . . . 1 . . . . . . . . . . . . . . . . Botnet 1 | . . . . . . . . . . 1 . . . . . . . . . . . . . . . . Fabricators . | . . . . . . . . . . . . . . . . . . . . . . . . . . . Repair Stations . | . . . . . . . . . . . . . . . . . . . . . . . . . . . Recycling Units 4 | . . . . . . . . . 3 1 . . . . . . . . . . . . . . . . Reject 2 | . . . . . . . . . 1 1 . . . . . . . . . . . . . . . . Recyclers 1 | . . . . . . . . . 1 . . . . . . . . . . . . . . . . . Mask 1 | . . . . . . . . . 1 . . . . . . . . . . . . . . . . . Scanalyzers . | . . . . . . . . . . . . . . . . . . . . . . . . . . . Garrison Access . | . . . . . . . . . . . . . . . . . . . . . . . . . . . Data Cores Recovered 1 | . 1 . . . . . . . . . . . . . . . . . . . . . . . . . Used 1 | . 1 . . . . . . . . . . . . . . . . . . . . . . . . . Hacking Detections 71 | . 6 . . . 8 2 8 . 9 9 . . . 5 9 3 . 5 2 . . . . 4 1 . Full Trace Events 17 | . . . . . 2 . 2 . 3 5 . . . . 2 2 . 1 . . . . . . . . Feedback Events 2 | . . . . . . . 1 . . . . . . . . 1 . . . . . . . . . . Corruption 2 | . . . . . . . 1 . . . . . . . . 1 . . . . . . . . . . Feedback Blocked . | . . . . . . . . . . . . . . . . . . . . . . . . . . . Robot Schematics Acquired . | . . . . . . . . . . . . . . . . . . . . . . . . . . . Robots Built . | . . . . . . . . . . . . . . . . . . . . . . . . . . . Authchips . | . . . . . . . . . . . . . . . . . . . . . . . . . . . Time . | . . . . . . . . . . . . . . . . . . . . . . . . . . . Total Robot Build Rating . | . . . . . . . . . . . . . . . . . . . . . . . . . . . Part Schematics Acquired 2 | . . . . . . . 2 . . . . . . . . . . . . . . . . . . . Parts Built 2 | . . . . . . . . . . 2 . . . . . . . . . . . . . . . . Authchips . | . . . . . . . . . . . . . . . . . . . . . . . . . . . Time 106 | . . . . . . . . . . 106 . . . . . . . . . . . . . . . . Total Part Build Rating 12 | . . . . . . . . . . 12 . . . . . . . . . . . . . . . . Parts Repaired 6 | . . . . . 3 . . . 1 . . . . 1 . . . . 1 . . . . . . . Time 283 | . . . . . 90 . . . 78 . . . . 16 . . . . 99 . . . . . . . Parts Recycled . | . . . . . . . . . . . . . . . . . . . . . . . . . . . Recycled Matter . | . . . . . . . . . . . . . . . . . . . . . . . . . . . Retrieved Matter . | . . . . . . . . . . . . . . . . . . . . . . . . . . . Retrieved Components . | . . . . . . . . . . . . . . . . . . . . . . . . . . . Parts Scanalyzed 3 | . . . . . . . 3 . . . . . . . . . . . . . . . . . . . Part Schematics Acquired 2 | . . . . . . . 2 . . . . . . . . . . . . . . . . . . . Parts Damaged 1 | . . . . . . . 1 . . . . . . . . . . . . . . . . . . . Bothacking | -11 -10 -10 -10 -9 -8 -8 -8 -8 -8 -7 -7 -7 -7 -6 -6 -6 -6 -6 -5 -5 -5 -4 -4 -3 -3 -2 ------------ Run | Yrd Mat Min Exi Min Mat Gar Mat Gar Mat Fac Was Fac DSF Fac Ext Cet Arc Hub Fac Upp Upp Fac DSF Res Arm Res Used RIF Installer . | . . . . . . . . . . . . . . . . . . . . . . . . . . . Robots Hacked . | . . . . . . . . . . . . . . . . . . . . . . . . . . . Non-combat . | . . . . . . . . . . . . . . . . . . . . . . . . . . . Combat . | . . . . . . . . . . . . . . . . . . . . . . . . . . . Robot Hacks Applied . | . . . . . . . . . . . . . . . . . . . . . . . . . . . Relay Couplers Released 8 | . . . . . . 8 . . . . . . . . . . . . . . . . . . . . Machine Destruction 5 | . . . . . . 5 . . . . . . . . . . . . . . . . . . . . Programmers 3 | . . . . . . 3 . . . . . . . . . . . . . . . . . . . . Fabnet Peak Effective % . | . . . . . . . . . . . . . . . . . . . . . . . . . . . Robots Rewired . | . . . . . . . . . . . . . . . . . . . . . . . . . . . Allies Hacked . | . . . . . . . . . . . . . . . . . . . . . . . . . . . Hacks Repelled . | . . . . . . . . . . . . . . . . . . . . . . . . . . . Allies | -11 -10 -10 -10 -9 -8 -8 -8 -8 -8 -7 -7 -7 -7 -6 -6 -6 -6 -6 -5 -5 -5 -4 -4 -3 -3 -2 -------- Run | Yrd Mat Min Exi Min Mat Gar Mat Gar Mat Fac Was Fac DSF Fac Ext Cet Arc Hub Fac Upp Upp Fac DSF Res Arm Res Total Allies 38 | . . . . 3 . . . . . . 21 . . . 9 5 . . . . . . . . . . Largest Group 21 | . . . . 3 3 . . . . . 21 21 17 9 5 7 6 4 . . . . . . . . Highest-Rated Group 652 | . . . . 40 40 . . . . . 511 511 410 260 271 652 615 384 . . . . . . . . Highest-Rated Ally 159 | . . . . 16 16 . . . . . 35 35 35 35 159 152 135 96 . . . . . . . . Total Orders 5 | . . . . . . . . . . . . . . 5 . . . . . . . . . . . . ROAM 3 | . . . . . . . . . . . . . . 3 . . . . . . . . . . . . EXPLORE 2 | . . . . . . . . . . . . . . 2 . . . . . . . . . . . . Ally Attacks 491 | . . . . 5 29 . . . . . . 2 82 56 74 96 25 122 . . . . . . . . Total Damage 13094 | . . . . 49 327 . . . . . . 42 1378 808 1556 3763 937 4234 . . . . . . . . Kills 90 | . . . . 3 5 . . . . . . 1 9 8 10 18 3 33 . . . . . . . . Allies Corrupted . | . . . . . . . . . . . . . . . . . . . . . . . . . . . Allies Melted . | . . . . . . . . . . . . . . . . . . . . . . . . . . . Intel | -11 -10 -10 -10 -9 -8 -8 -8 -8 -8 -7 -7 -7 -7 -6 -6 -6 -6 -6 -5 -5 -5 -4 -4 -3 -3 -2 ------- Run | Yrd Mat Min Exi Min Mat Gar Mat Gar Mat Fac Was Fac DSF Fac Ext Cet Arc Hub Fac Upp Upp Fac DSF Res Arm Res Robot Analysis Total 1 | . 1 . . . . . . . . . . . . . . . . . . . . . . . . . Derelict Logs Recovered 5 | . . 2 . 2 . . . . . . . . . . . . . . . 1 . . . . . . Drone Launches 3 | . . . . . . . . . . . . . . 3 . . . . . . . . . . . . Drone Recoveries 1 | . . . . . . . . . . . . . . 1 . . . . . . . . . . . . Exploration | -11 -10 -10 -10 -9 -8 -8 -8 -8 -8 -7 -7 -7 -7 -6 -6 -6 -6 -6 -5 -5 -5 -4 -4 -3 -3 -2 ------------- Run | Yrd Mat Min Exi Min Mat Gar Mat Gar Mat Fac Was Fac DSF Fac Ext Cet Arc Hub Fac Upp Upp Fac DSF Res Arm Res Turns Passed 24138 | 67 1650 1547 655 1732 2053 1713 1874 437 1702 1922 299 53 201 1342 1213 1000 328 780 1812 724 12 23 71 275 492 161 Spaces Moved 12495 | 19 612 620 272 711 792 834 813 169 524 1032 180 34 122 660 543 517 187 412 744 972 23 45 112 281 899 366 Core 1379 | . . . . . . . . . . . . . . . . . . . 113 812 23 45 5 236 8 137 Treads 9560 | . 511 620 272 711 792 834 813 169 524 1032 180 34 122 660 543 517 187 412 620 . . . . . 7 . Legs 280 | 19 101 . . . . . . . . . . . . . . . . . . 160 . . . . . . Wheels 11 | . . . . . . . . . . . . . . . . . . . 11 . . . . . . . Hover . | . . . . . . . . . . . . . . . . . . . . . . . . . . . Flight 1265 | . . . . . . . . . . . . . . . . . . . . . . . 107 45 884 229 Fastest Speed 31 | 120 120 240 240 240 160 160 160 160 156 160 160 160 160 160 160 160 160 160 50 50 50 50 34 31 31 31 Average Speed 152 | 120 225 240 240 240 197 160 160 215 186 160 160 160 160 160 160 160 160 160 149 62 50 50 34 50 32 39 Slowest Speed 320 | 120 240 240 240 240 240 240 160 320 320 240 160 160 160 160 160 160 160 160 240 200 50 50 60 250 300 120 Overloaded Moves . | . . . . . . . . . . . . . . . . . . . . . . . . . . . Propulsion Burnouts . | . . . . . . . . . . . . . . . . . . . . . . . . . . . Robots Hopped . | . . . . . . . . . . . . . . . . . . . . . . . . . . . Cave-ins Triggered . | . . . . . . . . . . . . . . . . . . . . . . . . . . . Exploration Rate (%) 52 | 3 85 94 71 99 42 80 66 20 58 28 77 2 95 21 73 86 96 53 20 93 5 1 74 8 54 15 Regions Visited 26 Branch Regions 10 Pre-discovered Areas 4 | . . . 1 2 . . . . . . . . . . . . . . . 1 . . . . . . Known Exits Taken 9 | . . . . 1 1 . 1 . 1 . . 1 . 1 . . . . 1 . . 1 . . 1 . Unknown Exits Taken 11 | 1 1 1 1 . . . . . . . . . . . 1 1 1 1 . 1 1 . . 1 . . Scrap Searched 5 | . . 2 . 2 . . . . . . . . . . . . . . . 1 . . . . . . Spaces Dug 124 | . . . . . 9 50 13 1 4 8 . . . 3 . . . . 23 3 . . . . 10 . Terrain Destroyed 956 | . 30 64 . . 136 117 42 129 17 21 . . . 105 10 3 6 176 87 3 . . . . 10 . Melee 57 | . . . . . 3 8 11 1 4 2 . . . 2 . . . . 13 3 . . . . 10 . Projectile 111 | . . . . . . 11 5 . 1 19 . . . 5 10 3 6 20 31 . . . . . . . AOE 788 | . 30 64 . . 133 98 26 128 12 . . . . 98 . . . 156 43 . . . . . . . Terrain Rammed . | . . . . . . . . . . . . . . . . . . . . . . . . . . . Walls Destroyed . | . . . . . . . . . . . . . . . . . . . . . . . . . . . Machines Disabled . | . . . . . . . . . . . . . . . . . . . . . . . . . . . Actions | -11 -10 -10 -10 -9 -8 -8 -8 -8 -8 -7 -7 -7 -7 -6 -6 -6 -6 -6 -5 -5 -5 -4 -4 -3 -3 -2 --------- Run | Yrd Mat Min Exi Min Mat Gar Mat Gar Mat Fac Was Fac DSF Fac Ext Cet Arc Hub Fac Upp Upp Fac DSF Res Arm Res Total 16632 | 52 833 651 278 733 1202 1061 1293 206 1168 1319 193 33 128 937 886 677 205 471 1168 1069 22 44 133 411 1077 382 Wait 2551 | 26 141 4 . 15 256 70 362 5 516 145 . . 3 189 244 74 2 15 160 71 . . . 115 130 8 Move 12469 | 18 611 619 271 710 791 831 813 168 523 1032 179 33 121 659 542 516 186 411 743 971 22 44 111 280 898 366 Hop . | . . . . . . . . . . . . . . . . . . . . . . . . . . . Pick Up 145 | 1 21 2 2 2 24 7 6 . 12 16 4 . 1 5 4 13 1 1 16 4 . . 2 . . 1 Fast Attach 115 | 1 1 . . . 9 7 3 . 4 8 2 . 1 11 7 9 3 . 14 5 . . 6 9 13 2 Attach 71 | . 2 1 . . 7 1 2 1 5 4 . . . 8 1 4 . 2 23 1 . . 4 1 2 2 Detach 33 | . . . . . 1 . 2 . 3 3 . . . 6 1 3 1 . 4 2 . . . 4 2 1 Swap 134 | 1 5 2 . . 16 43 16 5 7 6 1 . . 3 5 2 . 1 18 . . . . . 3 . Drop 185 | . 11 2 5 2 24 15 9 . 11 24 7 . 2 14 11 19 4 1 9 1 . . 2 2 9 1 Fire 688 | 5 36 14 . . 65 70 58 25 43 77 . . . 32 64 26 8 38 127 . . . . . . . Melee 185 | . . . . . 3 17 15 2 39 2 . . . 2 4 10 . . 49 13 . . 8 . 20 1 Ram 1 | . . . . . . . . . . . . . . . . . . . 1 . . . . . . . Kick 2 | . 2 . . . . . . . . . . . . . . . . . . . . . . . . . Crush 47 | . 3 7 . 4 6 . 7 . 5 2 . . . 6 1 1 . 2 3 . . . . . . . Escape Stasis 4 | . . . . . . . . . . . . . . 2 2 . . . . . . . . . . . Rewire . | . . . . . . . . . . . . . . . . . . . . . . . . . . . Trap 1 | . . . . . . . . . . . . . . . . . . . . 1 . . . . . . Miscellaneous 1 | . . . . . . . . . . . . . . . . . . . 1 . . . . . . . Route ------- -11/Scrapyard -10/Materials (discovered 5 exits: [*Mat x2] / [*Min x2] / [*Sub]) -10/Mines (discovered 4 exits: [*Mat x2] / *Exi / [*Sub]) -10/Exiles (discovered 2 exits: [*Min x2]) -9/Mines (discovered 2 exits: *Mat x2) -8/Materials (discovered 2 exits: *Fac / Gar) -8/Garrison (discovered 3 exits: *Mat x3) -8/Materials -8/Garrison -8/Materials -7/Factory (discovered 3 exits: *Fac / [*Sto] / [*Low]) -7/Waste -7/Factory -7/DSF -6/Factory (discovered 4 exits: *Low x2 / *Ext x2) -6/Extension (discovered 3 exits: *Fac x2 / *Cet) -6/Cetus (discovered 2 exits: *Fac / *Arc) -6/Archives (discovered 3 exits: *Fac / *Hub x2) -6/Hub_04(d) -5/Factory (discovered 2 exits: *Upp x2) -5/Upper Caves -5/Upper Caves -4/Factory (discovered 2 exits: Res / DSF) -4/DSF -3/Research -3/Armory (discovered 2 exits: *Res x2) -2/Research (discovered 1 exit: [*Tes]) History --------- Turn | Location | Event 15 | -11/Scrapyard | Discovered new exit (range 1) 68 | -11/Scrapyard | Entered Materials 321 | -10/Materials | Build established: Mutant 385 | -10/Materials | Discovered new exit (range 15) 662 | -10/Materials | Discovered new exit (range 16) 820 | -10/Materials | Discovered new exit (range 12) 1292 | -10/Materials | Discovered new exit (range 15) 1554 | -10/Materials | Discovered new exit (range 5) 1718 | -10/Materials | Entered Mines 1729 | -10/Mines | Learned Materials stockpile data 1844 | -10/Mines | Received a Rocket Launcher from a helpful Derelict 1931 | -10/Mines | Discovered new exit (range 10) 2018 | -10/Mines | Learned Materials stockpile data 2285 | -10/Mines | Assembled infested the area 2290 | -10/Mines | Assisted by a Guerilla fighting off Assembled 2944 | -10/Mines | Deemed a non-threat by the Exiles lab entrance 2944 | -10/Mines | Discovered new exit (range 5) 3009 | -10/Mines | Discovered new exit (range 4) 3073 | -10/Mines | Discovered new exit (range 10) 3265 | -10/Mines | Entered Exiles 3297 | -10/Exiles | Discovered new exit (range 15) 3325 | -10/Exiles | Met 8R-AWN 3364 | -10/Exiles | Met EX-HEX 3429 | -10/Exiles | Met EX-BIN 3469 | -10/Exiles | Aligned with FarCom system 3472 | -10/Exiles | Given EX-Vault access code 3532 | -10/Exiles | Opened EX-Vault 3551 | -10/Exiles | Found XL Autogun Array 3600 | -10/Exiles | Warned to stay clear of 0b10 Research branches 3762 | -10/Exiles | Met EX-DEC 3812 | -10/Exiles | Learned location of Zion (-6) 3894 | -10/Exiles | Discovered new exit (range 14) 3920 | -10/Exiles | Left Exiles lab with XL Autogun Array 3920 | -10/Exiles | Entered Mines 3961 | -9/Mines | Met a Derelict bent on vengeance 4361 | -9/Mines | Assisted by bots powering up and referring to "LRC-V3" 4378 | -9/Mines | Identified exit to Materials 4671 | -9/Mines | Discovered exit to Materials (range 10) 4846 | -9/Mines | A weapon hastily lodged in a ceiling crevice suddenly fell to the ground 5521 | -9/Mines | Learned location of Storage (-7) 5652 | -9/Mines | Entered Materials 5652 | -8/Materials | Accompanied by 3 allies 5652 | -8/Materials | Evolved 4 slots: Propulsion x2, Utility x2 6002 | -8/Materials | Build established: Skirmisher 6125 | -8/Materials | Discovered new exit (range 15) 6152 | -8/Materials | Identified exit to Factory 6203 | -8/Materials | Garrison activated, responded to threat 6295 | -8/Materials | Lost 3 parts (1p1n1u) 6338 | -8/Materials | Destroyed 9 combat bots 6513 | -8/Materials | Identified exit to Garrison 6525 | -8/Materials | Build established: Mutant 7062 | -8/Materials | Repaired Lgt. Treads 7101 | -8/Materials | Repaired Hrd. Medium Armor Plating 7129 | -8/Materials | Repaired Lgt. Treads 7705 | -8/Materials | Entered Garrison 7875 | -8/Garrison | Triggered checkpoint 7895 | -8/Garrison | Garrison Relay disabled 8103 | -8/Garrison | Triggered checkpoint 8239 | -8/Garrison | Triggered checkpoint 8365 | -8/Garrison | Build established: Scavenger-Mutant 8427 | -8/Garrison | Triggered checkpoint 8463 | -8/Garrison | Core integrity fell below 50% 8672 | -8/Garrison | Discovered new exit (range 10) 8738 | -8/Garrison | Spotted B-75 Beast 8771 | -8/Garrison | Destroyed B-75 Beast 8892 | -8/Garrison | Attempted to access garrison exit controls, blocked by remote lockdown 9010 | -8/Garrison | Discovered new exit (range 9) 9097 | -8/Garrison | Build established: Mutant 9143 | -8/Garrison | Attempted to access garrison exit controls, blocked by remote lockdown 9197 | -8/Garrison | Triggered checkpoint 9316 | -8/Garrison | Discovered new exit (range 10) 9418 | -8/Garrison | Entered Materials 11167 | -8/Materials | Garrison activated, responded to threat 11292 | -8/Materials | Identified exit to Garrison 11292 | -8/Materials | Entered Garrison 11504 | -8/Garrison | Triggered checkpoint 11568 | -8/Garrison | Triggered checkpoint 11577 | -8/Garrison | Discovered new exit (range 10) 11602 | -8/Garrison | Core integrity fell below 20% 11729 | -8/Garrison | Entered Materials 13161 | -8/Materials | Build established: Scavenger-Mutant 13300 | -8/Materials | Repaired Broken Hvy. Treads 13417 | -8/Materials | Discovered exit to Factory (range 9) 13431 | -8/Materials | Entered Factory 13431 | -7/Factory | Evolved 2 slots: Weapon x2 13601 | -7/Factory | Discovered new exit (range 10) 14063 | -7/Factory | Build established: Gunner 14341 | -7/Factory | Found Powered Armor 14386 | -7/Factory | Discovered new exit (range 15) 14461 | -7/Factory | Fabricated Hvy. Treads (x2) 14974 | -7/Factory | Discovered new exit (range 12) 15353 | -7/Factory | Sucked down chute 15353 | -7/Factory | Entered Waste 15354 | -7/Waste | Met a frightened Derelict 15354 | -7/Waste | Joined by Warlord forces that had cleared the area 15437 | -7/Waste | Found Hvy. Reactive Plating 15571 | -7/Waste | Discovered new exit (range 15) 15652 | -7/Waste | Entered Factory 15652 | -7/Factory | Accompanied by 21 allies 15705 | -7/Factory | Identified exit to DSF 15705 | -7/Factory | Entered DSF 15705 | -7/DSF | Accompanied by 18 allies 15724 | -7/DSF | Additional patrols routed to DSF 15767 | -7/DSF | Lost 8 allies 15865 | -7/DSF | Discovered new exit (range 16) 15906 | -7/DSF | Entered Factory 15906 | -6/Factory | Accompanied by 9 allies 15906 | -6/Factory | Evolved 2 slots: Utility x2 15994 | -6/Factory | Lost 7 allies 16134 | -6/Factory | Noticed a derelict Sapper rigging charges 16183 | -6/Factory | Build established: Skirmisher 16418 | -6/Factory | Identified exit to Lower Caves 16418 | -6/Factory | Identified exit to Extension 16599 | -6/Factory | Repaired Hvy. Reactive Plating 16727 | -6/Factory | Build established: Gunner 17038 | -6/Factory | Cargo convoy interrupted 17081 | -6/Factory | Garrison activated, responded to threat 17186 | -6/Factory | Build established: Skirmisher 17248 | -6/Factory | Entered Extension 17397 | -6/Extension | Rescued a captive Derelict 17513 | -6/Extension | Rescued a captive Derelict 17541 | -6/Extension | Rescued a captive Derelict 17542 | -6/Extension | Rescued a captive Derelict 17592 | -6/Extension | Rescued A7 17699 | -6/Extension | Spotted B-75 Beast 17710 | -6/Extension | Spotted B-75 Beast 17718 | -6/Extension | Lost 3 allies 17729 | -6/Extension | Destroyed B-75 Beast 17734 | -6/Extension | Destroyed B-75 Beast 17760 | -6/Extension | Discovered new exit (range 4) 17838 | -6/Extension | Rescued a captive Derelict 17838 | -6/Extension | Rescued a captive Derelict 17948 | -6/Extension | First assault squad dispatched 18388 | -6/Extension | Rescued a captive Derelict 18389 | -6/Extension | Rescued a captive Derelict 18445 | -6/Extension | Discovered new exit (range 10) 18446 | -6/Extension | Discovered new exit (range 6) 18461 | -6/Extension | Entered Cetus 18461 | -6/Cetus | Accompanied by 4 allies (A7) 18466 | -6/Cetus | Acquired a Cetus Manufacturing Module code from A7 18484 | -6/Cetus | Spotted Cetus Guard 18484 | -6/Cetus | Spotted Cetus Guard 18489 | -6/Cetus | Destroyed Cetus Guard 18489 | -6/Cetus | Spotted Cetus Guard 18489 | -6/Cetus | Spotted Cetus Guard 18491 | -6/Cetus | Destroyed Cetus Guard 18496 | -6/Cetus | Destroyed Cetus Guard 18500 | -6/Cetus | Allies destroyed Cetus Guard 18606 | -6/Cetus | Started Cetus Manufacturing Module 18631 | -6/Cetus | Manufactured an Enhanced Grunt 18656 | -6/Cetus | Manufactured an Enhanced Grunt 18676 | -6/Cetus | Escorted A7 to Cetus Mainframe 18681 | -6/Cetus | Manufactured an Enhanced Grunt 18706 | -6/Cetus | Manufactured an Enhanced Grunt 18731 | -6/Cetus | Manufactured an Enhanced Grunt 18836 | -6/Cetus | Discovered new exit (range 15) 18869 | -6/Cetus | Spotted Cetus Guard 18869 | -6/Cetus | Spotted Cetus Guard 18872 | -6/Cetus | Spotted Cetus Guard 18873 | -6/Cetus | Spotted Cetus Guard 18878 | -6/Cetus | Allies destroyed Cetus Guard 18880 | -6/Cetus | Discovered new exit (range 16) 18886 | -6/Cetus | Allies destroyed Cetus Guard 18888 | -6/Cetus | Allies destroyed Cetus Guard 18888 | -6/Cetus | Allies destroyed Cetus Guard 18890 | -6/Cetus | Met Revision 17 18893 | -6/Cetus | Allies destroyed Revision 17 19398 | -6/Cetus | Build established: Scavenger-Gunner 19461 | -6/Cetus | Entered Archives 19461 | -6/Archives | Accompanied by 6 allies (A7) 19466 | -6/Archives | Received a hacking code to weaken MAIN.C 19521 | -6/Archives | Unable to access archive contents 19524 | -6/Archives | Discovered new exit (range 15) 19538 | -6/Archives | Unable to access archive contents 19541 | -6/Archives | Discovered new exit (range 15) 19554 | -6/Archives | Unable to access archive contents 19557 | -6/Archives | Discovered new exit (range 16) 19569 | -6/Archives | Unable to access archive contents 19789 | -6/Archives | Entered Hub_04(d) 19789 | -6/Hub_04(d) | Accompanied by 4 allies 20320 | -6/Hub_04(d) | Garrison activated, responded to threat 20448 | -6/Hub_04(d) | Build established: Scavenger-Tank 20489 | -6/Hub_04(d) | First assault squad dispatched 20503 | -6/Hub_04(d) | Discovered new exit (range 12) 20523 | -6/Hub_04(d) | High security lockdown imminent 20552 | -6/Hub_04(d) | Network Hub disabled 20560 | -6/Hub_04(d) | Spotted Lightning 20565 | -6/Hub_04(d) | Spotted Lightning 20569 | -6/Hub_04(d) | System corruption reached 10% 20569 | -6/Hub_04(d) | Entered Factory 20569 | -5/Factory | Evolved 2 slots: Power x1, Utility x1 20573 | -5/Factory | Destroyed 7 combat bots 20692 | -5/Factory | Repaired Adv. KE Penetrator 21255 | -5/Factory | Spotted B-75 Beast 21469 | -5/Factory | First assault squad dispatched 21689 | -5/Factory | Lost 4 parts (1p1n1u1w) 21902 | -5/Factory | System corruption reached 10% 21946 | -5/Factory | Lost 3 parts (1n2u) 22231 | -5/Factory | Released all parts (13) 22358 | -5/Factory | Identified exit to Upper Caves 22372 | -5/Factory | System corruption reached 30% 22381 | -5/Factory | Entered Upper Caves 22387 | -5/Upper Caves | Met a Warlord Commander 22388 | -5/Upper Caves | Learned location of Warlord (-5) 22389 | -5/Upper Caves | Warlord Commander delivered Encrypted Comm Array 22390 | -5/Upper Caves | Found Encrypted Comm Array 22500 | -5/Upper Caves | Build established: Mutant 22757 | -5/Upper Caves | Core integrity fell below 50% 22795 | -5/Upper Caves | Lost 3 parts (3n) 22808 | -5/Upper Caves | Attracted the attention of an 0b10 outpost 22810 | -5/Upper Caves | Learned location of 1 exit from Factory 23095 | -5/Upper Caves | Discovered new exit (range 10) 23105 | -5/Upper Caves | Entered another Upper Caves area 23109 | -5/Upper Caves | Discovered new exit (range 13) 23117 | -5/Upper Caves | Entered Factory 23117 | -4/Factory | Evolved 2 slots: Propulsion x2 23118 | -4/Factory | Identified exit to Research 23136 | -4/Factory | Identified exit to DSF 23140 | -4/Factory | Entered DSF 23180 | -4/DSF | Additional patrols routed to DSF 23205 | -4/DSF | Discovered exit to Research (range 13) 23211 | -4/DSF | Entered Research 23211 | -3/Research | Evolved 2 slots: Propulsion x2 23466 | -3/Research | Discovered new exit (range 14) 23486 | -3/Research | Entered Armory 23549 | -3/Armory | Identified exit to Research 23781 | -3/Armory | Build established: Scout 23978 | -3/Armory | Entered Research 23978 | -2/Research | Evolved 2 slots: Utility x2 24000 | -2/Research | Spotted B-90 Cyclops 24075 | -2/Research | Released all parts (9) 24089 | -2/Research | Core integrity fell below 50% 24093 | -2/Research | Core integrity fell below 20% 24103 | -2/Research | Lost 6 parts (1p3n1u1w) 24136 | -2/Research | Discovered new exit (range 12) 24139 | -2/Research | Destroyed by Y-72 Warden with Quantum Rifle Last Messages --------------- 24075_ Released Imp. Target Analyzer. 24075_ Released Exp. Optical Array. 24075_ Released Field Propulsion Array. 24075_ Released Imp. Target Analyzer. 24075_ Released Machine Analyzer. 24075_ K-01 Serf cleans the Quantum Separator. 24079_ Penetrated by Slug. 24086_ Slug penetrates Wall. 24089_ Knocked back. 24089_ Critical hit (Burn: +37). 24089_ Slug penetrates H-88 Terminator. 24089_ Penetrated by Slug. 24092_ Slug penetrates G-73 Enforcer. 24094_ Penetrated by Slug. 24099_ U-05 Engineer destroyed. 24107_ Acquired 82 matter. 24113_ Acquired Unknown Slashing Weapon. 24113_ Identified Power Sword. 24136_ EXIT=FOUND [Achievement: 30k Club] Map ----- +----------------------------------------------------+ | ???????? """"" !## # #?# #??????????? | | ??????# """"" ####/### #?# #??????????? | | ??????# """"" # #?# #??????????? | | ??????# / #?# #??????????? | | ??????# # #?# #??????????? | | ??????# """"" # #?# #??????????? | | ??????# """"" # ###########?# #??????????? | | ??????# """"" # #???????????# #??????????? | | ?? ???# #h#???????????# #??????????? | | ?# #??# # #???????????# #??????????? | | ?# #??######/####### #?########### #??????????? | | ?# #???????# #?????# ??# # #??????????? | | ?# #???????# #?????# ??# + #??????????? | | ## #???????# #?????# ??# # #??????????? | | #???????# #?????# ??# =! # #??????????? | | #########g####### #?# =!s # #??????????? | | #?# # #??????????? | | #?# s # #??????????? | | w #?# # ??????????? | | ####### #?######+#### ##?????????? | | #??????????????#s#??? #??????????? | | |% #?###??????????# #??? #??????????? | | * #?# ??????###s#### ##?????????? | | #?# ##### w ???? | | ############ #?# Y k ???? | | #??# #?# < @ ???? | | /// #??# #?# ##### ????? | | /// #??? #?# ??????#########+#########????? | | /// #??? #?##??????????????????? ???????????? | | ? #??? #??????????????????????? ??????????? | | ? #??? #????????????????????????" ?????????? | | ?? #??? #????????????????????????? ???????? | | ?? #??? ????????????????????????????????????? | | ??? #??? ????????????????????????????????????? | | ???+#####????????????????????????????????????????? | | ?????????????????????????????????????????????????? | | ?????????????????????????????????????????????????? | | ?????????????????????????????????????????????????? | | ?????????????????????????????????????????????????? | | ?????????????????????????????????????????????????? | | ?????????????????????????????????????????????????? | | ?????????????????????????????????????????????????? | | ?????????????????????????????????????????????????? | | ?????????????????????????????????????????????????? | | ?????????????????????????????????????????????????? | | | | | | | | | | | +----------------------------------------------------+ Best States ------------- Heat Dissipation 64 Energy Generation 45 Energy Capacity 700 Matter Stores 471 Matter Capacity 550 Sight Range 23 Terrain Scan Range 20 Terrain Scan Density 110 Jamming Range 16 EM Shielding 2 Corruption Block 10 Armor Coverage 1200 Resistance: KI 40 Resistance: TH 25 Weapon Cycling 20 Evasion (%) 63 Target Analysis 9 Core Analysis 6 Recoil Reduction 4 Offensive Hacking 12 Defensive Hacking 10 Item Schematics ----------------- Hvy. Treads | -8/Materials | Scanalyzed Magnetic Acceleration Cannon | -8/Materials | Scanalyzed Robot Schematics ------------------ None Fabricated ------------ Hvy. Treads | x2 | -7/Factory Alien Tech Used ----------------- None Achievements -------------- 30k Club Collateral Damage Dangerous Findings Generalissimo Main Advantage Prison Break Project G-00 Revising The Future Use The Force We Are Legion Challenges ------------ None Game ------ Seed ComponentLongswordBeamcaster Manual? 0 Play Time 05:06:02 Cumulative 49.4 hours Start 2024.04.19 @ 15:54:04 End 2024.04.19 @ 21:08:23 Sessions 1 Manual Loads 0 Difficulty Rogue Special Mode None Game No. 29 Rogue 29 Adventurer 0 Explorer 0 Win Type - Total 0 Types 0/0/0/0/0/0/0/0/0 Lore% 27 Gallery% 34 Achievement% 31 Wizard Run 0 Options --------- Layout 0 ASCII 0 Keyboard 0 Movement Mouse Keybinds 1 Fullscreen 1 Font 18/SmallcapsGlow Map View 76x50 Zoom Use 0% Tactical HUD 1 Map Filters NONE Filters NONE Steam 1 RUN: 80dac91a-2498-4cf1-a7ce-f553250ed74a